 Dungeon Crawl Stone Soup version 0.18-a0-1197-g8004e50 (webtiles) character file.

2828 Shaidar413 the Ruffian (level 9, -3/89 HPs)
             Began as a Troll Berserker on Jan 31, 2016.
             Was an Elder of Trog.
             Slain by an orc warrior
             ... wielding a +2 halberd of venom
              (12 damage)
             ... on level 9 of the Dungeon.
             The game lasted 00:20:30 (5159 turns).

Shaidar413 the Ruffian (Troll Berserker)            Turns: 5159, Time: 00:20:30

Health: -3/89      AC: 10    Str: 34    XL:     9   Next: 45%
Magic:  8/8        EV: 12    Int:  8    God:    Trog [****..]
Gold:   397        SH:  0    Dex:  9    Spells: 0 memorised, 8 levels left

rFire  . . .     SeeInvis .       - Unarmed
rCold  . . .     Gourm    +     a - +2 animal skin
rNeg   . . .     Faith    .     (no shield)
rPois  .         Spirit   .     (helmet restricted)
rElec  .         Dismiss  .     (no cloak)
rCorr  +         Reflect  .     (gloves unavailable)
SustAt .         Harm     .     (boots unavailable)
MR     .....                    (no amulet)
Stlth  +.........               i - +3 ring of protection
                                n - ring of Lugonu's Delight {rCorr Str+4}

@: brilliant, lethally poisoned (-3 -> -25), drained, not resistant to hostile
enchantments, very unstealthy
A: unfitting armour, claws 3, fast metabolism 3, gourmand, regeneration 2,
shaggy fur 1, tough skin 2
a: Berserk, Trog's Hand, Brothers in Arms, Burn Spellbooks, Renounce Religion


You were on level 9 of the Dungeon.
You worshipped Trog.
Trog was greatly pleased with you.
You were hungry.

You visited 1 branch of the dungeon, and saw 9 of its levels.

You collected 397 gold pieces.

Inventory:

Armour
 a - a +2 animal skin (worn)
Jewellery
 i - a +3 ring of protection (right claw)
 n - the ring of Lugonu's Delight (left claw) {rCorr Str+4}
   (You found it on level 5 of the Dungeon)

   [ring of resist corrosion]

   It affects your strength (+4).
 y - an uncursed ring of protection from magic
Scrolls
 d - 4 scrolls of identify
 k - 3 scrolls of teleportation
 l - a scroll of magic mapping
 o - a scroll of brand weapon {unknown}
 p - a scroll of remove curse
 s - 2 scrolls of enchant weapon
 w - a scroll of blinking
Potions
 c - a potion of magic
 g - a potion of berserk rage
 h - a potion of haste
 q - a potion of flight
 r - a potion of cure mutation {unknown}
Comestibles
 b - 4 bread rations
 f - 2 meat rations
 m - a beef jerky


   Skills:
 + Level 6.0(5.3) Fighting
 + Level 7.7(6.9) Dodging
 + Level 1.1(0.4) Stealth
 + Level 7.7(6.9) Unarmed Combat


You had 8 spell levels left.
You didn't know any spells.

Dungeon Overview and Level Annotations

Branches:
Dungeon (10/15)            Temple (0/1) D:5
   Lair: D:8-11         Orc: D:9-12

Altars:
Ashenzari
Cheibriados
Dithmenos
Gozag
Kikubaaqudgha
Makhleb
Sif Muna
Trog
Vehumet
Xom
The Shining One

Shops:
D:4 =


Innate Abilities, Weirdness & Mutations

You are too large for most types of armour.
You have claws for hands.
Your metabolism is lightning-fast.
You like to eat raw meat.
You heal very quickly.
You are covered in fur (AC +1).
You have very tough skin (AC +2).


Message History

The orc warrior misses you.
You scratch the orc wizard.
The orc wizard is heavily wounded.
You feel sick.
The orc hits you from afar with a trident!
The orc wizard closely misses you.
You barely miss the orc wizard.
The orc wizard is heavily wounded.
You feel very sick.
The orc warrior hits you from afar with a halberd of venom!!
* * * LOW HITPOINT WARNING * * *
You are more poisoned.
The orc wizard misses you. The orc barely misses you.
Drink which item? (? for menu, Esc to quit)
It was a potion of brilliance.
You feel clever all of a sudden.
* * * LOW HITPOINT WARNING * * *
You feel very sick.
The orc warrior hits you from afar with a halberd of venom!
You die...

### #.#
#.#######
#oo......
#)o..####
#@##.# #.#
#
#.........#
#.####.####
#.# #.. ###


You could see an orc warrior, an orc wizard and an orc.

Vanquished Creatures
  2 water moccasins
  An orc warrior (D:7)
  2 ice beasts
  A necrophage (D:6)
  3 sky beasts
  2 ogres
  A centaur (D:5)
  2 giant frogs
  A scorpion (D:4)
  9 killer bees (D:7)
  5 wights (D:7)
  5 crimson imps
  2 giant frog zombies (D:5)
  4 jellies
  An orc priest (D:9)
  2 giant frog skeletons (D:5)
  A hound (D:4)
  2 centaur skeletons (D:4)
  Ijyb (D:2)
  3 iguanas
  2 orc wizards
  3 worker ants
  A hound zombie (D:5)
  4 gnolls (D:4)
  4 adders
  2 shadow imps
  An adder skeleton (D:6)
  5 worms
  5 giant geckos
  17 orcs
  3 bats
  6 giant cockroaches
  5 goblins
  3 hobgoblins
  8 jackals
  3 quokkas
  5 giant newts
  A goblin skeleton (D:6)
  2 goblin zombies (D:6)
  A hobgoblin zombie (D:6)
  4 kobolds
  A kobold skeleton (D:6)
  An orc skeleton (D:6)
  2 rats
139 creatures vanquished.

Notes
Turn   | Place    | Note
--------------------------------------------------------------
     0 | D:1      | Shaidar413 the Troll Berserker began the quest for the Orb.
     0 | D:1      | Reached XP level 1. HP: 22/22 MP: 0/0
   174 | D:1      | Reached XP level 2. HP: 29/29 MP: 1/1
   775 | D:2      | Found a radiant altar of Vehumet.
   805 | D:2      | Found a shimmering altar of Xom.
   970 | D:2      | Found a snail-covered altar of Cheibriados.
  1164 | D:2      | Reached XP level 3. HP: 31/36 MP: 2/2
  1196 | D:2      | Noticed Ijyb
  1207 | D:2      | Killed Ijyb
  1208 | D:2      | Reached ** piety under Trog
  1390 | D:2      | Reached XP level 4. HP: 38/45 MP: 3/3
  1563 | D:3      | Found a burning altar of Makhleb.
  1669 | D:3      | Reached skill level 4 in Unarmed Combat
  1785 | D:3      | Found a shattered altar of Ashenzari.
  1910 | D:4      | Found an opulent altar of Gozag.
  1923 | D:4      | Reached XP level 5. HP: 38/53 MP: 4/4
  2039 | D:4      | Found a shimmering altar of Xom.
  2124 | D:4      | Reached XP level 6. HP: 61/61 MP: 5/5
  2239 | D:4      | Reached *** piety under Trog
  2258 | D:4      | Reached skill level 5 in Unarmed Combat
  2307 | D:4      | Reached XP level 7. HP: 57/68 MP: 6/6
  2449 | D:4      | Found Plog's Jewellery Emporium.
  2802 | D:5      | Entered Level 5 of the Dungeon
  2811 | D:5      | Reached skill level 5 in Dodging
  2824 | D:5      | Found an ancient bone altar of Kikubaaqudgha.
  3077 | D:5      | Found a shadowy altar of Dithmenos.
  3110 | D:5      | Found a staircase to the Ecumenical Temple.
  3119 | D:5      | Found a large runed door.
  3119 | D:5      | Found a large runed door.
  3124 | D:5      | Found a large runed door.
  3124 | D:5      | Found a large runed door.
  3141 | D:5      | Got a steaming jade ring
  3151 | D:5      | Identified the ring of Lugonu's Delight {rCorr Str+4} (You found it on level 5 of the Dungeon)
  3267 | D:5      | Reached XP level 8. HP: 79/79 MP: 7/7
  3318 | D:5      | Reached skill level 6 in Unarmed Combat
  3341 | D:5      | Found a bloodstained altar of Trog.
  4041 | D:6      | Found a glowing golden altar of the Shining One.
  4090 | D:6      | Reached skill level 5 in Fighting
  4322 | D:6      | Reached skill level 7 in Unarmed Combat
  4396 | D:7      | HP: 6/120 [poisoned by a killer bee]
  4398 | D:7      | Reached skill level 1 in Stealth
  4401 | D:7      | Reached XP level 9. HP: 3/88 MP: 8/8
  4401 | D:7      | HP: 3/132 [poisoned by a killer bee]
  4404 | D:7      | HP: 1/88 [poisoned by a killer bee]
  4807 | D:7      | Reached **** piety under Trog
  5065 | D:7      | Found a deep blue altar of Sif Muna.
  5097 | D:7      | You fall through a shaft for 3 floors!
  5097 | D:10     | Entered Level 10 of the Dungeon
  5159 | D:9      | Slain by an orc warrior

Vault maps used:
D:1:      dpeg_arrival_stonehenge_8_columns
D:2:      xom_butterflies, vehumet_crystals, overflow_temple_1_default,
          first_bread, uniq_iyjb
D:3:      lemuel_crystal_altar, lemuel_crystal_altar, uniq_jessica
D:4:      nicolae_gozag_seed_capital, serial_shops, kennysheep_mini_moat,
          st_stairs_14, minmay_misc_feat_room, led_xom_imps
D:5:      nicolae_overflow_hidden_temple, kennysheep_mini, lemuel_doored_altar,
          minmay_temple_entry_overgrown, minivault_4,
          minmay_hollow_rounded_squares
D:6:      nicolae_tso_besieged_by_evil
D:7:      lemuel_round_altar
D:9:      serial_shops, shop, uniq_joseph
D:10:     uniq_urug

Action                   |  1- 3 |  4- 6 |  7- 9 || total
-------------------------+-------+-------+-------++-------
Melee: Unarmed           |    98 |   132 |   264 ||   494
Invok: Burn Spellbooks   |       |       |     1 ||     1
       Berserk           |       |       |     1 ||     1
  Use: Potion            |       |     4 |     8 ||    12
       Scroll            |       |    13 |     2 ||    15
 Stab: Sleeping          |       |       |     2 ||     2
  Eat: Chunk             |    18 |     3 |    17 ||    38
       Royal jelly       |       |       |     1 ||     1
       Pizza             |       |       |     2 ||     2
       Beef jerky        |       |       |     2 ||     2
